 Dungeon Crawl Stone Soup version 0.27.1-1-g398f81649c (webtiles) character file.

Game seed: 2073035681678276282

2 Descartes the Ducker (level 1, 0/10 HPs)
             Began as a Felid Monk on Sept 15, 2021.
             Slain by a goblin (2 damage)
             ... on level 1 of the Dungeon.
             The game lasted 00:00:27 (94 turns).

Descartes the Ducker (Felid Monk)                     Turns: 94, Time: 00:00:28

Health: 0/10       AC:  1    Str:  7    XL:     1   Next: 33%
Magic:  0/2        EV: 19    Int: 11    God:
Gold:   0          SH:  0    Dex: 18    Spells: 0/0 levels left
                                        Lives:  0   Deaths: 0

rFire    . . .     SeeInvis +     - Unarmed
rCold    . . .     Faith    .   (shield unavailable)
rNeg     . . .     Spirit   +   (armour unavailable)
rPois    .         Reflect  .   (helmet unavailable)
rElec    .         Harm     .   (cloak unavailable)
rCorr    .         Rampage  .   (gloves unavailable)
Will     .....                  (boots unavailable)
Stlth    ++........             a - amulet of guardian spirit
HPRegen  0.03/turn              (no ring)
MPRegen  0.08/turn              (no ring)

@: quick
A: very small, claws 1, fangs 3, see invisible, speed 1, shaggy fur 1, stealthy
paws, no weapons or thrown items, no armour, multi-lived
a: no special abilities


You were on level 1 of the Dungeon.
You visited 1 branch of the dungeon, and saw 1 of its levels.

Inventory:

Jewellery
 a - an amulet of guardian spirit (around neck)


   Skills:
 - Level 3.0 Fighting
 + Level 4.0 Dodging
 * Level 2.9 Stealth
 + Level 3.0 Unarmed Combat
 + Level 0.1 Spellcasting


You couldn't memorise any spells.
You didn't know any spells.
Your spell library was empty.

Dungeon Overview and Level Annotations

Branches:
Dungeon (1/15)

Altars:


Innate Abilities, Weirdness & Mutations

You have sharp claws.
You have razor-sharp teeth.
You have supernaturally acute eyesight. (SInv)
You cover ground quickly. (Speed+)
You are covered in fur. (AC +1)
Your paws help you pounce on unaware monsters.
You are incapable of wielding weapons or throwing items.
You cannot wear armour.
You gain extra lives every three experience levels.


Message History

A ball python, a goblin and a gnoll come into view.
Found 16 gold pieces.
The gnoll shouts!
The ball python hisses angrily.
Found 18 stones.
A bat comes into view.
The bat moves out of view.
The gnoll completely misses you.
A goblin comes into view. It is wielding a +0 club.
The goblin shouts!
You scratch the gnoll.
The gnoll is lightly wounded.
A quokka comes into view.
The gnoll closely misses you.
You barely miss the gnoll.
The gnoll is lightly wounded.
The ball python misses you. x2; The bat misses you.
The gnoll misses you.
You scratch the gnoll.
The gnoll is heavily wounded.
The bat closely misses you. The ball python misses you.
The ball python closely misses you.
You scratch the gnoll.
The gnoll is almost dead.
The ball python barely misses you. The ball python completely misses you.
The gnoll hits you with a +0 spear!
Ouch! That really hurt!
* * * LOW HITPOINT WARNING * * *
You are too injured to fight recklessly!
You are too injured to fight recklessly!
You are too injured to fight recklessly!
You are too injured to fight recklessly!
You are too injured to fight recklessly!
You are too injured to fight recklessly!
You are too injured to fight recklessly!
You are too injured to fight recklessly!
The ball python closely misses you. The ball python completely misses you.
The gnoll hits you but does no damage. The gnoll completely misses you.
The ball python barely misses you. The ball python completely misses you.
The goblin hits you with a +0 dagger.
You die...

#.......##...........
#.......###..........
###....................
#......................
..........#######♣♣♣♣..
#.............# ♣♣♣ #
##.#..........# ♣ ..
#.#.....#...#...#
....#.#..#@###### ###
.........#g#
.....#..#b# ..#. #b..S#
#......g#### .......$.
##.....g.# #........
....(....##


You could see a goblin, a bat and a ball python.

Vanquished Creatures
  A ball python (D:1)
  A goblin (D:1)
2 creatures vanquished.

Notes
Turn   | Place    | Note
-------+----------+-------------------------------------------
     0 | D:1      | Descartes the Felid Monk began the quest for the Orb.
     0 | D:1      | Reached XP level 1. HP: 10/10 MP: 2/2
    94 | D:1      | Slain by a goblin

Illustrated notes

Levels and vault maps discovered:
D:1:      sevenhm_arrival_forest_fort_large_4, layout_rooms, serial_shops,
          nicolae_shop_waterfront

Action                   || total
-------------------------++-------
Melee: Unarmed           ||     8
       Punch             ||     1
Armor: Skin              ||     1
Dodge: Dodged            ||    19
